 Dungeon Crawl Stone Soup version 0.26.0-10-g1f06aea511 (webtiles) character file.

Game seed: 16879435882909563617

16950 sanka the Fighter (level 12, -4/122 HPs)
             Began as a Naga Delver on Jan 20, 2021.
             Was a High Priest of Cheibriados.
             Slain by Urug
             ... wielding a +3 demon trident of electrocution
              (6 damage)
             ... on level 12 of the Dungeon.
             The game lasted 00:32:42 (17482 turns).

sanka the Fighter (Naga Delver)                    Turns: 17482, Time: 00:32:43

Health: -4/122     AC: 20    Str: 28    XL:     12   Next: 42%
Magic:  0/19       EV: 17    Int: 33    God:    Cheibriados [*****.]
Gold:   433        SH:  0    Dex: 27    Spells: 11/11 levels left

rFire    + . .     SeeInvis +   x - +2 glaive (vorpal)
rCold    . . .     Faith    .   (shield currently unavailable)
rNeg     . . .     Spirit   +   w - +2 leather armour {rPois}
rPois    +         Reflect  .   R - +2 hat
rElec    +         Harm     .   y - +0 cloak
rCorr    .         Rampage  .   P - +2 pair of gloves {Dex+3}
Will     +....                  u - +1 barding of the Stone Wall {rElec rF+}
Stlth    ++++......             C - amulet of guardian spirit
HPRegen  0.30/turn              Q - +4 ring of evasion
MPRegen  0.16/turn              i - +6 ring of intelligence

@: very slow
A: large, see invisible, deformed body, poison resistance, slowness 2, spit
poison 1, AC +4
a: Spit Poison, Renounce Religion, Bend Time, Temporal Distortion, Slouch, Step
From Time


You were on level 12 of the Dungeon.
You worshipped Cheibriados.
Cheibriados was extremely pleased with you.
You visited 2 branches of the dungeon, and saw 13 of its levels.
You also visited: Ossuary.

You collected 712 gold pieces.
You spent 279 gold pieces at shops.


Innate Abilities, Weirdness & Mutations

You cannot wear boots.
Your serpentine skin is tough. (AC +4)
You have supernaturally acute eyesight. (SInv)
Armour fits poorly on your strangely shaped body.
Your system is resistant to poisons. (rPois)
You cover ground very slowly.
You can spit poison.


   Skills:
 - Level 12.0 Fighting
 - Level 2.0(6.5) Axes
 * Level 9.8(9.9) Polearms
 - Level 2.0 Bows
 - Level 4.0 Armour
 + Level 6.2 Dodging
 - Level 8.0 Stealth
 + Level 9.9 Invocations


You had 11 spell levels left.
You didn't know any spells.
Your spell library contained the following spells:

 Spells                   Type           Power        Failure   Level
 Animate Skeleton         Necr           0%           9%          1
 Apportation              Tloc           0%           9%          1
 Corona                   Hex            0%           9%          1
 Freeze                   Ice            0%           9%          1
 Pain                     Necr           0%           9%          1
 Sandblast                Erth           0%           9%          1
 Summon Small Mammal      Summ           0%           9%          1
 Call Imp                 Summ           0%           13%         2
 Passwall                 Tmut/Erth      0%           13%         2
 Call Canine Familiar     Summ           0%           26%         3
 Frozen Ramparts          Ice            0%           26%         3
 Ozocubu's Armour         Ice            0%           26%         3
 Stone Arrow              Conj/Erth      0%           26%         3
 Summon Guardian Golem    Hex/Summ       0%           26%         3
 Vampiric Draining        Necr           0%           26%         3
 Animate Dead             Necr           0%           65%         4
 Hailstorm                Conj/Ice       0%           65%         4
 Petrify                  Tmut/Erth      0%           65%         4
 Summon Ice Beast         Ice/Summ       0%           65%         4
 Summon Lightning Spire   Summ/Air       0%           65%         4
 Agony                    Necr           0%           94%         5
 Lee's Rapid Deconstruct  Erth           0%           94%         5
 Silence                  Hex/Air        0%           94%         5
 Conjure Ball Lightning   Conj/Air       0%           100%        6
 Tornado                  Air            0%           100%        9

Inventory:

Hand Weapons
 a - a +0 hand axe of venom
 e - a +2 longbow of freezing
 x - a +2 vorpal glaive (weapon)
 z - a +2 quarterstaff of chaos
Missiles
 E - 133 arrows
Armour
 u - the +1 barding of the Stone Wall (worn) {rElec rF+}

   It protects you from fire.
   It insulates you from electricity.
 v - a +0 helmet
 w - a +2 leather armour of poison resistance (worn)
 y - a +0 cloak (worn)
 P - a +2 pair of gloves of dexterity (worn)
 R - a +2 hat (worn)
Magical Staves
 O - an uncursed staff of death
Jewellery
 i - a +6 ring of intelligence (right hand)
 A - an uncursed ring of ice
 C - an amulet of guardian spirit (around neck)
 Q - a +4 ring of evasion (left hand)
Wands
 g - a wand of digging (4)
 k - a wand of iceblast (5)
 l - a wand of disintegration (8)
 K - a wand of polymorph (15)
 L - a wand of paralysis (9)
Scrolls
 c - 5 scrolls of fog
 d - 3 scrolls of magic mapping
 h - 8 scrolls of remove curse
 n - 4 scrolls of enchant armour
 o - a scroll of summoning
 p - 4 scrolls of enchant weapon
 q - 5 scrolls of teleportation {@r4}
 D - 2 scrolls of blinking
 J - a scroll of amnesia
Potions
 b - a potion of mutation {unknown}
 f - 2 potions of haste {@q3}
 j - 3 potions of might
 m - 3 potions of heal wounds {@q2}
 r - 8 potions of degeneration {!q}
 s - 3 potions of lignification {unknown}
 t - 2 potions of attraction {unknown}
 B - 2 potions of ambrosia {unknown}
 F - 2 potions of cancellation
 G - 2 potions of berserk rage {unknown}
 H - 6 potions of curing {@q1}
 M - a potion of resistance {unknown}
 N - a potion of flight {unknown}
Miscellaneous
 I - a phial of floods

Dungeon Overview and Level Annotations

Branches:
Dungeon (12/15)            Temple (1/1) D:6            Lair (0/6) D:8
Ossuary (visited)
    Orc: D:9-12

Altars:
Ashenzari
Cheibriados
Dithmenos
Elyvilon
Fedhas
Gozag
Hepliaklqana
Kikubaaqudgha
Makhleb
Nemelex Xobeh
Okawaru
Qazlal
Ru
Sif Muna
Trog
Uskayaw
Vehumet
Wu Jian
Xom
Yredelemnul
Zin
The Shining One

Shops:
D:6 [   D:7 *   D:8 [

Annotations:
D:12 Urug

▒▒▒▒▒▒▒▒▒
▒▒£......▒▒▒▒
▒...........▒▒▒
▒▒.............▒.
▒................
▒▒..........o...▒
▒........))†....▒
.▒▒
▒........)N†....▒
▒..▒
▒.............▒▒
▒..▒ ▒▒...[.......▒
▒..▒ ▒▒▒.........▒▒
▒...▒▒▒...▒▒▒....▒▒
▒▒....<..▒▒▒ ▒▒▒▒▒▒
▒........▒
▒.....†...▒
▒..........▒


You could see Urug.


Message History

Cheibriados thoroughly appreciates the change of pace.
Urug hits you from afar with a +3 demon trident of electrocution!!
* * * LOW HITPOINT WARNING * * *
Unknown command.
You reach to attack!
You hit Urug.
Urug is lightly wounded.
Urug barely misses you.
Unknown command.
You reach to attack!
You closely miss Urug.
Urug is lightly wounded.
Urug hits you from afar with a +3 demon trident of electrocution!
* * * LOW HITPOINT WARNING * * *
Unknown command.
You reach to attack!
You hit Urug but do no damage.
Urug is lightly wounded.
Urug hits you from afar with a +3 demon trident of electrocution!!
* * * LOW HITPOINT WARNING * * *
You reach to attack!
You hit Urug.
Urug is lightly wounded.
Urug hits you from afar with a +3 demon trident of electrocution!!
* * * LOW HITPOINT WARNING * * *
You reach to attack!
You hit Urug but do no damage.
Urug is lightly wounded.
Urug hits you from afar with a +3 demon trident of electrocution!
You die...

Action                   |  1- 3 |  4- 6 |  7- 9 | 10-12 || total
-------------------------+-------+-------+-------+-------++-------
Melee: Hand axe          |    45 |   189 |   228 |       ||   462
       Quarterstaff      |       |       |    54 |       ||    54
       Glaive            |       |       |   119 |   396 ||   515
 Abil: Spit Poison       |     6 |     7 |    12 |     2 ||    27
Evoke: Wand              |       |       |       |     1 ||     1
  Use: Scroll            |     1 |       |     7 |     9 ||    17
       Potion            |       |     5 |     2 |     2 ||     9
 Stab: Sleeping          |     1 |    25 |     5 |    34 ||    65
       Paralysed         |       |       |     4 |     1 ||     5
       Distracted        |       |       |     1 |     1 ||     2
Armor: Leather armour    |     5 |    51 |   151 |   279 ||   486
       Plate armour      |       |       |    62 |       ||    62
Dodge: Dodged            |    23 |    90 |   206 |   258 ||   577

Levels and vault maps discovered:
D:1:      lightli_iron_boxes, layout_basic
D:2:      layout_loops_ring, chequers_serial_rivers_micro_e,
          columned_hall_lemuel
D:3:      layout_loops_corners, lemuel_crystal_altar, chequers_big_river,
          roderic_serpentine_path, uniq_robin
D:4:      layout_loops_ring, minmay_misc_feat_diagonals, patterned_corridor,
          uniq_crazy_yiuf_cottage, uniq_duvessa, uniq_blork_the_orc
D:5:      layout_basic, tso_altar, cheibrodos_gnoll_hut, uniq_edmund,
          uniq_pikel, uniq_grinder
D:6:      layout_basic, gammafunk_temple_overflow_elements,
          minmay_temple_entry_stoned_glass, serial_shops, shop, enter_ossuary_5
D:7:      layout_loops_cross, grunt_temple_overflow_magic_moments,
          lemuel_crystal_altar, serial_shops, kennysheep_mini
D:8:      corexii_shantytown, layout_basic, overflow_temple_1_default,
          due_lair_maze_entry_diamond, serial_shops, nicolae_shop_trees,
          grunt_gozag_statues
D:9:      layout_basic, lemuel_tele_altar, uniq_maurice, uniq_prince_ribbit1,
          uniq_gastronok, uniq_joseph
D:10:     layout_roguey, eino_small_chamber_without_monster
D:11:     layout_small_grid, uniq_erolcha, uniq_josephine
D:12:     layout_cave_pods, orc_0_dummy, basic_altar,
          nicolae_ru_sacrificial_ziggurat, uniq_urug
Temple:   oiseaux_autumnal_temple

Notes
Turn   | Place    | Note
-------+----------+-------------------------------------------
     0 | D:5      | sanka the Naga Delver began the quest for the Orb.
     0 | D:5      | Reached XP level 1. HP: 21/21 MP: 1/1
   169 | D:5      | Noticed a centaur
   170 | D:5      | HP: 1/21 [centaur/arrow (9)]
   473 | D:4      | Noticed a worker ant
   481 | D:4      | Killed a worker ant
   482 | D:4      | Reached skill level 8 in Stealth
   482 | D:4      | Reached XP level 2. HP: 26/28 MP: 2/2
   482 | D:4      | Reached XP level 3. HP: 32/34 MP: 3/3
  1284 | D:3      | Reached skill level 4 in Fighting
  1284 | D:3      | Reached XP level 4. HP: 17/45 MP: 4/4
  1712 | D:3      | Found a basalt altar of Yredelemnul.
  2669 | D:1      | Reached skill level 5 in Fighting
  3015 | D:1      | Reached XP level 5. HP: 52/52 MP: 5/5
  4240 | D:3      | Noticed Robin
  4251 | D:3      | Killed Robin
  4746 | D:4      | Reached skill level 6 in Fighting
  5004 | D:4      | Reached XP level 6. HP: 21/62 MP: 6/6
  5425 | D:4      | Noticed Dowan
  5427 | D:4      | Noticed Duvessa
  5441 | D:4      | HP: 6/63 [Duvessa/+0 rapier (13)]
  5443 | D:4      | Killed Duvessa
  5444 | D:4      | Reached skill level 7 in Fighting
  5444 | D:4      | Killed Dowan
  5445 | D:4      | Reached XP level 7. HP: 16/72 MP: 7/7
  5732 | D:4      | Found a runed translucent door.
  5733 | D:4      | Noticed Crazy Yiuf
  6215 | D:4      | Reached skill level 8 in Fighting
  6408 | D:4      | Noticed Blork the orc
  6415 | D:4      | Killed Blork the orc
  6540 | D:4      | Killed Crazy Yiuf
  6824 | D:5      | Noticed Pikel
  6866 | D:5      | HP: 7/75 [Pikel/+1 whip of freezing (4)]
  6869 | D:5      | Killed Pikel
  6870 | D:5      | Reached skill level 9 in Fighting
  6870 | D:5      | Reached XP level 8. HP: 11/86 MP: 8/8
  7348 | D:5      | Reached skill level 10 in Fighting
  7657 | D:5      | Found a glowing golden altar of the Shining One.
  7943 | D:5      | Noticed Edmund
  7959 | D:5      | Killed Edmund
  8144 | D:6      | Found a sand-covered staircase.
  8149 | Ossuary  | Entered an ossuary
  8266 | Ossuary  | Reached skill level 11 in Fighting
  8614 | Ossuary  | Reached XP level 9. HP: 84/97 MP: 6/9
  8977 | D:6      | Found a blossoming altar of Fedhas.
  8977 | D:6      | Found a sparkling altar of Nemelex Xobeh.
  9019 | D:6      | Reached skill level 1 in Bows
  9480 | D:6      | Found a staircase to the Ecumenical Temple.
  9505 | Temple   | Entered the Ecumenical Temple
  9749 | Temple   | Became a worshipper of Cheibriados the Contemplative
  9944 | D:6      | Reached skill level 2 in Bows
 10286 | D:6      | Reached skill level 1 in Invocations
 10549 | D:6      | Found Rafrimuw's Antique Armour Shop.
 10682 | D:6      | Reached skill level 2 in Invocations
 10685 | D:6      | Identified a scroll of acquirement
 10686 | D:6      | Acquired the +1 barding of the Stone Wall {rElec rF+}
 11054 | D:7      | Found an ancient bone altar of Kikubaaqudgha.
 11308 | D:7      | Found Norunale's Assorted Antiques.
 11622 | D:7      | Found an iron altar of Okawaru.
 11822 | D:7      | Found a shimmering blue altar of Sif Muna.
 11823 | D:7      | Found a radiant altar of Vehumet.
 11825 | D:7      | Identified Kikubaaqudgha's Grimoire of Darkness
 11892 | D:8      | Found Quufif's Armour Boutique.
 11899 | D:8      | Reached * piety under Cheibriados
 11900 | D:8      | Reached skill level 1 in Polearms
 11904 | D:8      | Reached skill level 1 in Armour
 12027 | D:8      | Bought a +2 pair of gloves of dexterity for 279 gold pieces
 12120 | D:8      | Reached skill level 12 in Fighting
 12120 | D:8      | Reached skill level 3 in Invocations
 12268 | D:8      | Reached skill level 2 in Armour
 12273 | D:8      | Reached skill level 4 in Invocations
 12288 | D:8      | Reached XP level 10. HP: 72/106 MP: 11/13
 12293 | D:8      | Reached skill level 3 in Armour
 12298 | D:8      | Reached skill level 5 in Invocations
 12325 | D:8      | Reached ** piety under Cheibriados
 12346 | D:8      | Reached skill level 4 in Armour
 12602 | D:8      | Found a staircase to the Lair.
 12611 | D:8      | Reached skill level 6 in Invocations
 12723 | D:8      | Reached skill level 2 in Dodging
 12733 | D:8      | Found a burning altar of Makhleb.
 13213 | D:8      | Found an opulent altar of Gozag.
 13228 | D:8      | Reached *** piety under Cheibriados
 13520 | D:9      | Noticed Prince Ribbit
 13544 | D:9      | Killed Prince Ribbit
 13545 | D:9      | Reached skill level 2 in Polearms
 13723 | D:9      | Noticed Joseph
 13859 | D:9      | Noticed Gastronok
 13888 | D:9      | Killed Gastronok
 13889 | D:9      | Reached skill level 5 in Polearms
 13889 | D:9      | Reached skill level 3 in Dodging
 13889 | D:9      | Reached skill level 7 in Invocations
 13889 | D:9      | Reached XP level 11. HP: 58/114 MP: 10/16
 14025 | D:9      | Killed Joseph
 14176 | D:9      | Reached skill level 4 in Dodging
 14276 | D:9      | Found a sparkling altar of Nemelex Xobeh.
 14486 | D:9      | Reached **** piety under Cheibriados
 14499 | D:9      | Reached skill level 6 in Polearms
 14728 | D:9      | Reached skill level 8 in Invocations
 15012 | D:9      | Noticed Maurice
 15032 | D:9      | Killed Maurice
 15303 | D:10     | Entered Level 10 of the Dungeon
 15386 | D:10     | Noticed a centaur warrior
 15386 | D:10     | Noticed a two-headed ogre
 15428 | D:10     | Killed a centaur warrior
 15466 | D:10     | Killed a two-headed ogre
 15467 | D:10     | Reached skill level 7 in Polearms
 15829 | D:10     | Reached skill level 5 in Dodging
 15882 | D:10     | Noticed an unseen horror
 15889 | D:10     | Killed an unseen horror
 16223 | D:10     | Reached ***** piety under Cheibriados
 16301 | D:10     | Reached skill level 8 in Polearms
 16437 | D:11     | Reached skill level 9 in Invocations
 16500 | D:11     | Noticed Erolcha
 16511 | D:11     | Killed Erolcha
 16570 | D:11     | Reached XP level 12. HP: 102/122 MP: 14/18
 17006 | D:11     | Noticed a two-headed ogre
 17013 | D:11     | Killed a two-headed ogre
 17014 | D:11     | Reached skill level 9 in Polearms
 17171 | D:11     | Noticed Josephine
 17268 | D:11     | Killed Josephine
 17269 | D:11     | Reached skill level 6 in Dodging
 17459 | D:12     | Noticed Urug
 17465 | D:12     | Noticed a two-headed ogre
 17472 | D:12     | Killed a two-headed ogre
 17481 | D:12     | HP: 2/122 [Urug/+3 demon trident of electrocution (16)]
 17482 | D:12     | Slain by Urug

Vanquished Creatures
  Gastronok (D:9)
  Josephine (D:11)
  Erolcha (D:11)
  3 two-headed ogres
  A centaur warrior (D:10)
  2 unseen horrors
  Pikel (D:5)
  An ugly thing (D:11)
  A centaur zombie (D:10)
  Joseph (D:9)
  Maurice (D:9)
  A kobold demonologist (D:11)
  A troll (D:11)
  Prince Ribbit (D:9)
  A hornet (D:10)
  5 wraiths
  3 yaks (D:9)
  Edmund (D:5)
  Duvessa (D:4)
  4 water moccasins (D:8)
  2 ice beasts
  3 sky beasts
  4 black bears (D:8)
  7 orc warriors
  6 ogres
  3 centaurs
  6 phantoms
  A lemure (D:5)
  2 big kobolds (D:9)
  5 bullfrogs
  Blork the orc (D:4)
  Dowan (D:4)
  2 water moccasin zombies (Ossuary)
  A water moccasin skeleton (D:4)
  A wyvern skeleton (D:11)
  5 scorpions
  5 killer bees (D:9)
  5 wights (D:8)
  A quasit (D:7)
  A gnoll shaman (D:10)
  11 orc priests
  A jelly (D:6)
  6 hounds
  5 orc wizards
  Crazy Yiuf (D:4)
  A bullfrog skeleton (D:9)
  3 iguanas
  7 worker ants
  2 big kobold zombies (Ossuary)
  A hound zombie (D:9)
  2 mummies (Ossuary)
  Robin (D:3)
  A worker ant zombie (D:6)
  10 gnolls
  A howler monkey skeleton (D:8)
  8 adders
  A shadow imp (D:10)
  A white imp (D:7)
  An ufetubus (D:8)
  7 adder zombies
  A worm (D:2)
  2 dart slugs
  3 leopard geckos
  42 orcs
  2 ball pythons
  5 giant cockroaches
  17 goblins
  8 hobgoblins
  2 jackals (D:6)
  5 quokkas
  14 bats
  7 frilled lizards
  A gnoll zombie (Ossuary)
  4 hobgoblin zombies (Ossuary)
  A jackal skeleton (D:4)
  13 kobolds
  6 kobold zombies (Ossuary)
  8 orc zombies (Ossuary)
  4 rats
310 creatures vanquished.

Vanquished Creatures (others)
  52 fungi (D:8)
  67 plants
119 creatures vanquished.

Grand Total: 429 creatures vanquished

Table legend: (Time is in decaauts)
 A = Elapsed time spent in this place.
 B = Non-inter-level travel time spent in this place.
 C = Inter-level travel time spent in this place.
 D = Time resting spent in this place.
 E = Time spent auto-exploring this place.
 F = Levels seen in this place.
 G = Mean time per level.
                   A        B        C        D        E       F      G
               +--------+--------+--------+--------+--------+-----+--------+
         Total |  24095 |  22846 |   1249 |   6450 |  12511 |  14 | 1721.1 |
       Dungeon |  23111 |  21910 |   1201 |   6152 |  12077 |  12 | 1925.9 |
        Temple |    381 |    333 |     48 |      0 |    330 |   1 |  381.0 |
       Ossuary |    602 |    602 |      0 |    298 |    103 |   1 |  602.0 |
               +--------+--------+--------+--------+--------+-----+--------+

Top non-repeatable levels by time:
     D:4: 3621 daAuts
     D:9: 2847 daAuts
     D:6: 2573 daAuts
     D:8: 2318 daAuts
     D:3: 2309 daAuts
     D:5: 2026 daAuts
    D:11: 1957 daAuts
    D:10: 1667 daAuts
     D:7: 1462 daAuts
     D:1: 1160 daAuts
     D:2: 1104 daAuts
 Ossuary: 602 daAuts
  Temple: 381 daAuts
    D:12: 61 daAuts
